 Dungeon Crawl Stone Soup version 0.31-a0-221-gbddc013574 (webtiles) character file.

Game seed: 8195685506805447319

95 qw the Chopper (level 4, -1/28 HPs)
             Began as a Gargoyle Fighter on July 4, 2023.
             Slain by a gnoll
             ... wielding a +0 halberd
              (3 damage)
             ... on level 2 of the Dungeon.
             The game lasted 00:00:59 (1245 turns).

qw the Chopper (Gargoyle Fighter)                   Turns: 1245, Time: 00:00:59

Health: -1/28      AC: 13    Str: 21    XL:     4   Next: 65%
Magic:  4/4        EV:  9    Int:  9    God:
Gold:   94         SH:  4    Dex:  9    Spells: 3/3 levels left

rFire   . . .        Y - +1 war axe
rCold   + . .        c - +0 buckler
rNeg    + . .        b - +0 scale mail
rPois   inf          e - +2 hat
rElec   +            (no cloak)
rCorr   .            a - +0 pair of gloves of Polish {rC+}
SInv    +            (no boots)
Will    .....        (no amulet) Stlth
                     i - ring of see invisible
HPRegen 0.24/turn    (no ring)
MPRegen 0.09/turn

%: no passive effects
@: no status effects
A: sickness immunity, AC +3, negative energy resistance 1, electricity
resistance, torment resistance 1, petrification resistance
a: no special abilities


You were on level 2 of the Dungeon.
You visited 1 branch of the dungeon, and saw 2 of its levels.

You collected 94 gold pieces.


Innate Abilities, Weirdness & Mutations

You are immune to sickness and miasma.
Your stone body is resilient. (AC +3)
You are immune to poison.
You resist negative energy. (rN+)
You are resistant to electric shocks. (rElec)
You are resistant to unholy torment.
You are immune to petrification.


   Skills:
 - Level 3.2 Fighting
 + Level 4.3 Axes
 - Level 3.2 Armour
 - Level 3.2 Shields


You had 3 spell levels left.
You didn't know any spells.
Your spell library was empty.

Inventory:

Hand Weapons
 j - a +0 whip
 Y - a +1 war axe (weapon)
Armour
 a - the +0 pair of gloves of Polish (worn) {rC+}
   (You acquired it on level 1 of the Dungeon)

   rC:        It protects you from cold.
 b - a +0 scale mail (worn)
 c - a +0 buckler (worn)
 e - a +2 hat (worn)
Jewellery
 i - a ring of see invisible (left hand)
Scrolls
 l - 3 scrolls of identify
Potions
 d - a potion of might
 f - a potion of attraction {unknown}
 g - a potion of brilliance {unknown}
 h - a potion of berserk rage {unknown}

Dungeon Overview and Level Annotations

Branches:
Dungeon (2/15)

Altars:


Message History

Enter note:
Enter note:
Enter note:
Enter note:
Enter note:
Enter note:
Enter note:
Enter note:
Enter note:
Enter note:
Enter note:
Enter note:
Enter note:
Enter note:
Enter note: You barely miss the gnoll.
The gnoll closely misses you. The gnoll hits you but does no damage.
You closely miss the gnoll. The gnoll hits you but does no damage.
The gnoll barely misses you. The gnoll closely misses you.
You slash the gnoll!
The gnoll is severely wounded.
The gnoll hits you but does no damage.
The gnoll hits you from afar with a +0 spear.
The gnoll barely misses you.
The gnoll hits you from afar with a +0 halberd.
The gnoll hits you but does no damage. x2
You barely miss the gnoll.
The gnoll is severely wounded.
The gnoll hits you with a +0 halberd.
The gnoll hits you but does no damage. x2
You slash the gnoll!
You kill the gnoll!
The gnoll barely misses you.
The gnoll hits you from afar with a +0 spear.
You hit the gnoll.
The gnoll is lightly wounded.
The gnoll hits you from afar with a +0 halberd!
The gnoll barely misses you. The gnoll completely misses you.
The gnoll hits you from afar with a +0 halberd.
You die... ... #..## #.#. .... #.#.### #.# # .....$ ..# .# .. ..... #.###.#... ....## .......... . gg.

.....#..# #.#g#
........# #.#@#
#.##.#..#.####.#.# #
........#........##.#
#.##.#..............#
..........######.####
.................##
#.##.#....######..#
#...............#.###.##
..........######.......#


You could see 3 gnolls.

Vanquished Creatures
  4 adders (D:2)
  A gnoll (D:2)
  2 dart slugs (D:1)
  2 bats
  4 endoplasms
  2 giant cockroaches (D:2)
  2 goblins
  A hobgoblin (D:2)
  3 jackals (D:1)
  4 kobolds (D:1)
  3 quokkas
  8 ball pythons
  5 frilled lizards
  4 rats
45 creatures vanquished.

Notes
Turn   | Place    | Note
-------+----------+-------------------------------------------
     0 | D:1      | qw the Gargoyle Fighter began the quest for the Orb.
     0 | D:1      | Reached XP level 1. HP: 14/14 MP: 1/1
     0 | D:1      | 0 ||| qw: Version: 0.3-a-41-g9d075ac
     0 | D:1      | 0 ||| qw: Game counter: 751
     0 | D:1      | 0 ||| qw: Melee chars always use a shield: true
     0 | D:1      | 0 ||| qw: God list: Okawaru
     0 | D:1      | 0 ||| qw: Allow faded altars: false
     0 | D:1      | 0 ||| qw: Do Orc after clearing Dungeon:15 true
     0 | D:1      | 0 ||| qw: Do second Lair branch before Depths: true
     0 | D:1      | 0 ||| qw: Lair rune preference: random
     0 | D:1      | 0 ||| qw: Goals: Normal, Zot:1-4, Slime:5, God:TSO, Crypt,
                  | Tomb, Abyss, Pan, Hells, Win
     0 | D:1      | 0 ||| PLANNING D:1-11
   102 | D:1      | Reached skill level 2 in Axes
   144 | D:1      | Reached XP level 2. HP: 19/19 MP: 2/2
   171 | D:1      | 171 ||| DROPPING +0 club.
   385 | D:1      | Reached skill level 3 in Axes
   413 | D:1      | Reached XP level 3. HP: 23/23 MP: 3/3
   686 | D:1      | 686 ||| UPGRADING to +2 hat.
   691 | D:1      | 691 ||| UPGRADING to ring of see invisible.
   692 | D:1      | 692 ||| READING scroll labelled EWKISA HYWNO.
   693 | D:1      | 693 ||| READING scroll labelled ADUROEWKAH.
   698 | D:1      | 698 ||| READING scroll labelled ETUNURHUADGH.
   699 | D:1      | 699 ||| READING 2 scrolls labelled HENAOG LAN LUZ.
   700 | D:1      | 700 ||| READING 2 scrolls labelled ACSUUN POWNEDY.
   701 | D:1      | 701 ||| READING scroll labelled OTIUCEOGES.
   702 | D:1      | 702 ||| READING scroll labelled COIQAU FUTA.
   702 | D:1      | Identified a scroll of acquirement
   702 | D:1      | 702 ||| ACQUIRING +0 pair of gloves of Polish {rC+}
   702 | D:1      | Acquired the +0 pair of gloves of Polish {rC+}
   704 | D:1      | 704 ||| UPGRADING to +0 pair of gloves of Polish {rC+}.
   709 | D:1      | 709 ||| READING scroll labelled AMMOQ NELOWNO.
   710 | D:1      | 710 ||| DROPPING scroll of revelation.
   809 | D:2      | Reached XP level 4. HP: 28/28 MP: 4/4
   948 | D:2      | 948 ||| Stepping ~*~*~tactically~*~*~ (stealth).
  1035 | D:2      | Reached skill level 4 in Axes
  1245 | D:2      | HP: 2/28 [gnoll/+0 halberd (10)]
  1245 | D:2      | Slain by a gnoll

Levels and vault maps discovered:
D:1:      minmay_arrival_widening_spiral_wide, layout_basic,
          minmay_misc_feat_cross, minmay_split_cup_large
D:2:      layout_basic

Skill      XL: |  1  2  3  4 |
---------------+-------------+-----
Axes           | 2 3 4 |  4.3
Fighting       | |  3.2
Armour         | |  3.2
Shields        | |  3.2

Action                     |  1- 3 |  4- 6 || total
---------------------------+-------+-------++-------
  Melee: War axe           |    76 |    40 ||   116
    Use: Scroll            |     8 |       ||     8
 Armour: Scale mail        |    35 |    27 ||    62
  Dodge: Dodged            |    30 |    15 ||    45
  Block: Buckler           |    11 |     7 ||    18

Table legend:
 A = Non-vault XP
 B = Vault XP
 C = Vault XP percentage of total XP
 D = Non-vault monster count
 E = Vault monster count
 F = Vault count percentage of total count
                 A         B        C        D         E       F
            +---------+---------+-------+---------+---------+-------
      Total |     130 |       6 |   4.4 |      41 |       4 |   8.9
            +---------+---------+-------+---------+---------+-------
        D:1 |      34 |       6 |  15.0 |      20 |       4 |  16.7
        D:2 |      96 |       0 |   0.0 |      21 |       0 |   0.0
            +---------+---------+-------+---------+---------+-------
